 Dungeon Crawl Stone Soup version 0.17.1-1-g73c8601 (webtiles) character file.

288 Rex the Covered (level 6, -2/58 HPs)
             Began as a Minotaur Fighter on Dec 12, 2015.
             Slain by a jackal (3 damage)
             ... on level 4 of the Dungeon.
             The game lasted 00:08:11 (2876 turns).

Rex the Covered (Minotaur Fighter)                  Turns: 2876, Time: 00:08:11

Health: -2/58      AC:  8    Str: 23      XL:     6   Next: 9%
Magic:  5/5        EV:  8    Int:  5      God:
Gold:   143        SH:  9    Dex:  7 (9)  Spells: 0 memorised, 5 levels left

rFire  . . .     SeeInvis .     a - +0 war axe
rCold  . . .     Rnd*Rage +     b - +0 scale mail
rNeg   . . .     SustAt   .     c - +0 shield
rPois  .         Gourm    .     (helmet restricted)
rElec  .         Spirit   .     (no cloak)
rCorr  .         Warding  .     (no gloves)
rMut   .         Stasis   .     (no boots)
MR     .....                    (no amulet)
Stlth  ..........               (no ring)
                                (no ring)

@: about to teleport, drained, not resistant to hostile enchantments, extremely
unstealthy
A: retaliatory headbutt, horns 2, molten scales 1, berserk 1, robust 1,
evolution 1
a: no special abilities


You were on level 4 of the Dungeon.
You were not hungry.

You visited 1 branch of the dungeon, and saw 4 of its levels.

You collected 143 gold pieces.

Inventory:

Hand Weapons
 a - a +0 war axe (weapon)
Armour
 b - a +0 scale mail (worn)
 c - a +0 shield (worn)
 n - a +0 plate armour
Scrolls
 i - a scroll of fog
 k - 2 scrolls of identify
 l - 2 scrolls of remove curse
Potions
 d - a potion of might
Comestibles
 e - 4 bread rations
 f - a meat ration
 g - 3 slices of pizza
 j - 5 chunks of flesh


   Skills:
 + Level 4.6(4.3) Fighting
 + Level 3.7(3.4) Axes
 + Level 5.7(5.4) Armour
 + Level 2.1(1.9) Dodging
 + Level 4.9(4.7) Shields


You had 5 spell levels left.
You didn't know any spells.

Dungeon Overview and Level Annotations

Branches:
Dungeon (4/15)
 Temple: D:4-7

Altars:


Innate Abilities, Weirdness & Mutations

You reflexively headbutt those who attack you in melee.
You have a pair of horns on your head.
You are partially covered in molten scales (AC +1).
You tend to lose your temper in combat.
You are robust (+10% HP).
You evolve.


Message History

You kill the jackal!
You hit the jackal.
The jackal is severely wounded.
The jackal closely misses you. The ogre hits you with a giant club!
* * * LOW HITPOINT WARNING * * *
You block the jackal's attack.
The jackal bites you but does no damage. x2
The jackal bites you.
* * * LOW HITPOINT WARNING * * *
The jackal barely misses you. You furiously retaliate!
You headbutt the jackal!
You kill the jackal!
You block the ogre's attack.
Drink which item? (? for menu, Esc to quit)
Okay, then.
Read which item? (? for menu, Esc to quit)
Okay, then.
Read which item? (? for menu, Esc to quit)
As you read the scroll of teleportation, it crumbles to dust.
You feel strangely unstable. The jackal bites you.
You die...

#>.........
#)########........
#.# #%%......
#[########........
##.................
#........##........
#........##....h.(.
#.........hOh......
#......[...@h.#
#......##...h.#
#......##......#
#......##......#
#......##......#
#########......#
#......# #......#
########


You could see an ogre and 5 jackals.

Vanquished Creatures
  An orc priest (D:4)
  An orc wizard (D:4)
  2 iguanas
  8 adders
  An ooze (D:3)
  3 worms
  4 giant geckos
  6 orcs
  8 bats
  13 goblins
  7 hobgoblins
  8 jackals
  8 kobolds
  3 ball pythons
  3 giant cockroaches
  3 giant newts
  A quokka (D:3)
  8 rats
88 creatures vanquished.

Notes
Turn   | Place    | Note
--------------------------------------------------------------
     0 | D:1      | Rex the Minotaur Fighter began the quest for the Orb.
     0 | D:1      | Reached XP level 1. HP: 19/19 MP: 0/0
   263 | D:1      | Reached skill level 4 in Armour
   263 | D:1      | Reached XP level 2. HP: 27/27 MP: 1/1
   615 | D:1      | Gained mutation: You are robust (+10% HP). [potion of mutation]
   615 | D:1      | Gained mutation: You tend to lose your temper in combat. [potion of mutation]
   615 | D:1      | Gained mutation: You evolve. [potion of mutation]
   842 | D:2      | Reached XP level 3. HP: 17/36 MP: 2/2
  1324 | D:2      | Found a faded altar to an unknown god.
  1447 | D:2      | Reached XP level 4. HP: 26/45 MP: 3/3
  1656 | D:2      | Reached skill level 1 in Dodging
  1869 | D:3      | Reached skill level 5 in Armour
  1869 | D:3      | Reached XP level 5. HP: 38/51 MP: 4/4
  2098 | D:3      | Gained mutation: You are partially covered in molten scales (AC +1). [potion of beneficial mutation]
  2729 | D:4      | Reached XP level 6. HP: 37/58 MP: 5/5
  2866 | D:4      | Noticed an ogre
  2875 | D:4      | HP: 2/58 [ogre/giant club (12)]
  2876 | D:4      | Slain by a jackal

Action                   |  1- 3 |  4- 6 || total
-------------------------+-------+-------++-------
Melee: War axe           |   100 |   103 ||   203
  Use: Potion            |     7 |     4 ||    11
       Scroll            |       |     9 ||     9
  Eat: Chunk             |     2 |     5 ||     7
